 Dungeon Crawl Stone Soup version 0.31.0-11-ge490571c62 (webtiles) character file.

Game seed: 6604249053048635419

78238 sanka the Warrior (level 15, -5/141 HPs)
             Began as a Minotaur Fighter on Jan 27, 2024.
             Was the Champion of the Shining One.
             Killed from afar by a fire dragon (23 damage)
             ... with a blast of flame
             ... on level 1 of the Depths.
             The game lasted 00:46:42 (19952 turns).

sanka the Warrior (Minotaur Fighter)               Turns: 19952, Time: 00:46:42

Health: -5/141     AC: 38    Str: 32    XL:     15   Next: 17%
Magic:  31/31      EV: 14    Int:  5    God:    the Shining One [******]
Gold:   172        SH: 18    Dex: 15    Spells: 14/14 levels left

rFire   . . .        a - +8 morningstar of Arbitration {protect, *Noise rElec rPois SInv}
rCold   + + .        n - +0 kite shield
rNeg    + + +        V - +11 chain mail "Uleriuv" {rC++}
rPois   +            I - +0 hat
rElec   +            G - +0 cloak
rCorr   .            W - +2 pair of gloves of Silireet {rPois rC- Regen+}
SInv    +            i - +0 pair of boots
Will    ++...        j - amulet of Erecsuiv {Reflect Will++ Str+3 SH+5 Stlth+}
Stlth   +            M - ring "Zumap" {rElec Will- MP+9 Str+6 Stlth+}
HPRegen 1.23/turn    Q - ring of protection from cold
MPRegen 0.22/turn

%: reflection
@: under a protective aura, slowed, glowing, studying Ice Magic, very slow
A: horns 2, retaliatory headbutt
a: Renounce Religion, Divine Shield, Cleansing Flame, Summon Divine Warrior,
Brand Weapon With Holy Wrath


You were on level 1 of the Depths.
You worshipped the Shining One.
The Shining One was exalted by your worship.
You visited 3 branches of the dungeon, and saw 17 of its levels.
You visited 1 bazaar.
You also visited: Sewer, Bailey and Ice Cave.

You collected 2136 gold pieces.
You spent 1964 gold pieces at shops.


Innate Abilities, Weirdness & Mutations

You have a pair of horns on your head.
You reflexively headbutt those who attack you in melee.


   Skills:
 - Level 15.0 Fighting
 - Level 12.0 Maces & Flails
 - Level 15.0 Armour
 - Level 10.0 Dodging
 - Level 15.0 Shields
 + Level 11.8 Invocations


You had 14 spell levels left.
You didn't know any spells.
Your spell library contained the following spells:

 Spells                   Type           Power      Damage    Failure   Level
 Summon Small Mammal      Summ           0%         N/A       88%         1
 Lesser Beckoning         Tloc           0%         N/A       96%         2
 Static Discharge         Conj/Air       0%         3-3/arc   96%         2
 Dazzling Flash           Conj/Hex       0%         N/A       99%         3
 Frozen Ramparts          Ice            0%         1d1       99%         3
 Gell's Gravitas          Tloc           0%         N/A       99%         3
 Mephitic Cloud           Conj/Alch/Air  0%         N/A       99%         3
 Teleport Other           Tloc           0%         N/A       99%         3
 Airstrike                Air            0%         2d(0-16)  100%        4
 Animate Armour           Summ/Erth      0%         N/A       100%        4
 Leda's Liquefaction      Alch/Erth      0%         N/A       100%        4
 Petrify                  Alch/Erth      0%         N/A       100%        4
 Summon Lightning Spire   Summ/Air       0%         N/A       100%        4
 Curse of Agony           Necr           0%         N/A       100%        5
 Lee's Rapid Deconstruct  Erth           0%         3d4*      100%        5
 Metabolic Englaciation   Hex/Ice        0%         N/A       100%        5
 Silence                  Hex/Air        0%         N/A       100%        5
 Chain Lightning          Conj/Air       0%         N/A       100%        9
 Fire Storm               Conj/Fire      0%         5d1       100%        9
 Shatter                  Erth           0%         3d5*      100%        9

Inventory:

Hand Weapons
 a - the +8 morningstar of Arbitration (weapon) {protect, *Noise rElec rPois SInv} rElec: It insulates you from electricity. rPois: It protects you from poison SInv: It lets you see invisible. *Noise: It may make a loud noise when swung.
 X - a -2 demon whip of venom
Missiles
 F - 12 curare-tipped darts (quivered) {=f}
 K - 4 throwing nets {=f}
Armour
 i - a +0 pair of boots (worn)
 n - a +0 kite shield (worn)
 G - a +0 cloak (worn)
 I - a +0 hat (worn)
 V - the +11 chain mail "Uleriuv" (worn) {rC++} rC++: It greatly protects you from cold.
 W - the +2 pair of gloves of Silireet (worn) {rPois rC- Regen+} rC-: It makes you vulnerable to cold. rPois: It protects you from poison Regen+: It increases your rate of health regeneration.
Jewellery
 j - the amulet of Erecsuiv (around neck) {Reflect Will++ Str+3 SH+5 Stlth+}

   [amulet of reflection]

   Reflect:   It reflects blocked missile attacks.
   Str+3:     It affects your strength (+3).
   Will++:    It greatly increases your willpower.
   SH+5:      It affects your SH (+5).
   Stlth+:    It makes you more stealthy.
 M - the ring "Zumap" (left hand) {rElec Will- MP+9 Str+6 Stlth+}

   [ring of strength]

   Str+6:     It affects your strength (+6).
   rElec:     It insulates you from electricity.
   Will-:     It decreases your willpower.
   MP+9:      It affects your magic capacity (+9).
   Stlth+:    It makes you more stealthy.
 Q - a ring of protection from cold (right hand)
 Y - a ring of protection from cold
Wands
 f - a wand of charming (7)
 y - a wand of mindburst (7)
 H - a wand of polymorph (13)
 O - a wand of acid (6)
 P - a wand of flame (8)
 Z - a wand of roots (3)
Scrolls
 b - a scroll of poison
 g - 3 scrolls of blinking
 k - a scroll of brand weapon
 p - 2 scrolls of noise {!r}
 q - 2 scrolls of revelation
 r - 3 scrolls of fog
 s - 2 scrolls of butterflies
 t - 2 scrolls of silence {!r}
 u - 11 scrolls of teleportation {@r4}
 x - 5 scrolls of enchant armour
 C - a scroll of fear
 E - 4 scrolls of immolation {!r}
 U - 2 scrolls of vulnerability {!r}
Potions
 c - a potion of invisibility {unknown}
 d - 5 potions of might
 h - 5 potions of resistance
 l - a potion of haste {unknown}
 m - 2 potions of curing {unknown}
 o - 8 potions of attraction {!q}
 w - 3 potions of degeneration {unknown}
 z - a potion of magic {unknown}
 A - 2 potions of heal wounds {@q2}
 B - 5 potions of mutation {!q}
 D - 2 potions of berserk rage {!q}
 J - 4 potions of lignification {!q}
 R - a potion of enlightenment {unknown}
Miscellaneous
 N - a phantom mirror
 T - a phial of floods

Dungeon Overview and Level Annotations

Branches:
Dungeon (15/15)            Temple (1/1) D:5            Lair (0/5) D:10
    Orc (0/2) D:9          Vaults (0/5) D:14         Depths (1/4) D:15
  Sewer (visited)          Bailey (visited)           IceCv (visited)

Altars:
Ashenzari
Cheibriados
Dithmenos
Elyvilon
Fedhas
Gozag
Hepliaklqana
Kikubaaqudgha
Makhleb
Nemelex Xobeh
Okawaru
Qazlal
Ru
Sif Muna
Trog
Uskayaw
Vehumet
Wu Jian
Xom
Yredelemnul
The Shining One

Shops:
D:7 *   D:10 =   D:11 *   D:13 [

Portals:
Hell: Depths:1
Trove: Depths:1 (give 13 scrolls of teleportation)

Annotations:
D:9 exclusion: downstairs
D:10 exclusion: downstairs

≈≈..▒▒▒▒......~~~....~~~
≈~..▒▒........≈.....~≈≈~
~.............~.....≈≈~~
~.▒.▒▒▒▒......~.....~≈≈.
..............~.....~≈~.
...........~....~≈~~.
................~≈~~~
~...........VD~≈≈≈~..
.............H~≈~≈≈..
................~~~..
......)..............
.................≈≈≈≈
...▒..)........≈... ..
▒▒..........≈.∩. .
▒▒.........≈...
▒.........≈≈≈≈
▒....~~~....


You could see a fire dragon (catching breath) and a vampire knight (fast,
invisible).


Message History

The fire dragon tramples you but does no damage.
The vampire knight completely misses you.
You furiously retaliate!
You headbutt the vampire knight! The vampire knight bites you!
* * * LOW HITPOINT WARNING * * *
You block the fire dragon's attack. The fire dragon claws you.
* * * LOW HITPOINT WARNING * * *
The fire dragon tramples you but does no damage.
You impale the fire dragon!!
The fire dragon is heavily wounded.
The vampire knight hits you with a +0 long sword!!
* * * LOW HITPOINT WARNING * * *
You block the vampire knight's attack.
The fire dragon bites you but does no damage.
The fire dragon claws you.
* * * LOW HITPOINT WARNING * * *
You block the fire dragon's attack. The vampire knight misses you.
You furiously retaliate!
You headbutt the vampire knight. The vampire knight barely misses you.
You hit the fire dragon.
The fire dragon is heavily wounded.
You block the vampire knight's attack.
The vampire knight bites you but does no damage.
The fire dragon breathes flames at you. The blast of flame hits you!!
You die...

Action                     |  1- 3 |  4- 6 |  7- 9 | 10-12 | 13-15 || total
---------------------------+-------+-------+-------+-------+-------++-------
  Melee: Flail             |   112 |   114 |   248 |    20 |       ||   494
         Headbutt          |    12 |    19 |    54 |   155 |   238 ||   478
         Morningstar       |       |       |    20 |   510 |   691 ||  1221
  Throw: Dart              |       |       |       |     3 |     1 ||     4
 Invoke: Divine Shield     |       |       |       |     4 |     6 ||    10
  Evoke: Wand              |       |       |       |     2 |     1 ||     3
    Use: Scroll            |       |       |     9 |     4 |    10 ||    23
         Potion            |       |       |       |       |     5 ||     5
 Armour: Scale mail        |    31 |       |       |       |       ||    31
         Plate armour      |    59 |   101 |   255 |   397 |   202 ||  1014
         Chain mail        |       |       |       |       |   197 ||   197
  Dodge: Dodged            |    34 |    25 |    83 |   139 |   175 ||   456
  Block: Buckler           |    24 |    23 |    56 |    30 |       ||   133
         Kite shield       |       |       |       |   307 |   694 ||  1001
         Reflection        |       |       |       |     3 |    28 ||    31

Levels and vault maps discovered:
D:1:      dreamdust_arrival_beginning_and_end, layout_basic,
          hellmonk_ecumenical_altar_arch_garden
D:2:      layout_loops_corners, uniq_crazy_yiuf_cottage
D:3:      layout_basic
D:4:      layout_gridville, nicolae_figureground_sparkle
D:5:      layout_loops_ring, kennysheep_little_box, old_standard_altar,
          temple_doors_cd, uniq_sigmund, uniq_edmund
D:6:      layout_loops_ring, lemuel_crystal_altar, cheibrodos_sewer_entry_sluice
D:7:      layout_basic, mainiacjoe_overflow_surrounded_room,
          mainiacjoe_overflow_tiny_flanked, nicolae_overflow_hidden_temple,
          nicolae_shop_overcharged_wands
D:8:      layout_loops_corners, minmay_misc_feat_five, nrook_loot_triangle,
          uniq_psyche
D:9:      minmay_blocky_corners, layout_cave_pools,
          riverfiend_overflow_shadow_ancestor, lemuel_tele_altar, david_orc_5,
          ebering_ghost_inner_flame, uniq_gastronok, uniq_erolcha, uniq_harold,
          uniq_erica
D:10:     minmay_the_grid_octo_tiled_octocenter [minmay_the_grid_octo_empty,
          minmay_the_grid_octo_focus, minmay_the_grid_octo_fat_diamond,
          minmay_the_grid_octo_77, minmay_the_grid_octo_prize_big_c,
          minmay_the_grid_square_5x5_two_walls_b,
          minmay_the_grid_square_5x5_mess, minmay_the_grid_square_5x5_c,
          minmay_the_grid_square_5x5_tetrominoes], layout_basic,
          grunt_temple_overflow_magic_moments, nicolae_uskayaw_dance_studio,
          enter_bailey_5, nicolae_inconvenience_store, uniq_amaemon
D:11:     layout_long_grid, monkooky_shop_mail_order
D:12:     layout_rooms, uniq_snorg
D:13:     layout_loops_ring, serial_shops, nicolae_shop_hallway_stairs,
          portal_ice_cave_rime, uniq_sonja, uniq_azrael
D:14:     layout_irregular_city, david_vaults_5, kennysheep_path_1,
          onia_ninara_cookie
D:15:     grunt_enter_depths_magical_seal, layout_basic, serial_shops,
          bzr_entry_water, bloody_trog
Temple:   nicolae_temple_cloud_nine
Depths:1: layout_cave_pools, serial_shops, bzr_firewalk, basic_altar,
          hell_entry, nicolae_trove_entry_isolated,
          hangedman_abyss_or_decor_stabs, minmay_gold_behind_fungi,
          nicolae_wu_jian_immortal_techniques

Notes
Turn   | Place    | Note
-------+----------+-------------------------------------------
     0 | D:1      | sanka the Minotaur Fighter began the quest for the Orb.
     0 | D:1      | Reached XP level 1. HP: 19/19 MP: 0/0
    71 | D:1      | Reached skill level 4 in Fighting
    80 | D:1      | Reached skill level 3 in Maces & Flails
    80 | D:1      | Reached XP level 2. HP: 27/27 MP: 1/1
   402 | D:1      | Found a faded altar of an unknown god.
   686 | D:1      | Reached skill level 4 in Maces & Flails
   686 | D:1      | Reached XP level 3. HP: 31/33 MP: 2/2
  1258 | D:2      | Found a runed translucent door.
  1259 | D:2      | Noticed Crazy Yiuf
  1730 | D:2      | Reached skill level 5 in Maces & Flails
  1730 | D:2      | Reached XP level 4. HP: 35/40 MP: 3/3
  2061 | D:3      | Reached skill level 6 in Maces & Flails
  2371 | D:3      | Reached XP level 5. HP: 46/46 MP: 4/4
  2584 | D:4      | Reached skill level 7 in Maces & Flails
  2802 | D:4      | Reached XP level 6. HP: 49/52 MP: 5/5
  3334 | D:5      | Entered Level 5 of the Dungeon
  3471 | D:5      | Reached skill level 8 in Maces & Flails
  3473 | D:5      | Found an opulent altar of Gozag.
  3473 | D:5      | Noticed Edmund
  3491 | D:5      | Killed Edmund
  3492 | D:5      | Reached skill level 9 in Maces & Flails
  3492 | D:5      | Reached XP level 7. HP: 33/59 MP: 6/6
  3501 | D:5      | Noticed Sigmund
  3589 | D:5      | Killed Sigmund
  3743 | D:5      | Found a staircase to the Ecumenical Temple.
  3748 | Temple   | Entered the Ecumenical Temple
  3755 | Temple   | Became a worshipper of the Shining One
  3936 | D:5      | Reached skill level 10 in Maces & Flails
  4285 | D:5      | Found a bloodstained altar of Trog.
  4408 | D:6      | Found a glowing drain.
  4432 | Sewer    | Entered a sewer
  4462 | Sewer    | Reached skill level 11 in Maces & Flails
  4470 | Sewer    | Noticed Pargi
  4483 | Sewer    | Killed Pargi
  4484 | Sewer    | Reached XP level 8. HP: 64/66 MP: 7/7
  4648 | D:6      | Reached * piety under the Shining One
  4778 | D:6      | Reached skill level 12 in Maces & Flails
  4780 | D:6      | Reached skill level 4 in Armour
  4902 | D:6      | Found a burning altar of Makhleb.
  5135 | D:6      | Reached skill level 5 in Fighting
  5328 | D:2      | Killed Crazy Yiuf
  5467 | D:7      | Reached skill level 5 in Armour
  5584 | D:7      | Reached skill level 6 in Fighting
  5590 | D:7      | Reached skill level 6 in Armour
  5759 | D:7      | Reached XP level 9. HP: 76/78 MP: 8/8
  5763 | D:7      | Reached ** piety under the Shining One
  5922 | D:7      | Reached skill level 7 in Fighting
  5922 | D:7      | Found a basalt altar of Yredelemnul.
  5939 | D:7      | Reached skill level 7 in Armour
  6010 | D:7      | Found Achiofin's Overcharged Wands.
  6042 | D:7      | Found a sparkling altar of Nemelex Xobeh.
  6540 | D:8      | Reached skill level 8 in Fighting
  6544 | D:8      | Reached skill level 8 in Armour
  6551 | D:8      | Noticed Psyche
  6561 | D:8      | Killed Psyche
  6723 | D:7      | Reached skill level 9 in Fighting
  6727 | D:7      | Reached skill level 9 in Armour
  7953 | D:9      | Identified +0 steam dragon scales
  7954 | D:9      | Reached XP level 10. HP: 86/93 MP: 9/9
  8019 | D:9      | Noticed Erica
  8258 | D:9      | Killed Erica
  8259 | D:9      | Reached skill level 10 in Fighting
  8259 | D:9      | Reached skill level 10 in Armour
  8382 | D:9      | Noticed Erolcha
  8399 | D:9      | Killed Erolcha
  8400 | D:9      | Reached skill level 11 in Fighting
  8443 | D:9      | Found a sacrificial altar of Ru.
  8454 | D:9      | Noticed Gastronok
  8488 | D:9      | Killed Gastronok
  8489 | D:9      | Reached skill level 11 in Armour
  8560 | D:9      | Reached *** piety under the Shining One
  8618 | D:9      | Reached skill level 12 in Fighting
  8618 | D:9      | Found a staircase to the Orcish Mines.
  8626 | D:9      | Reached skill level 12 in Armour
  8729 | D:9      | Noticed a deep elf pyromancer
  8742 | D:9      | Killed a deep elf pyromancer
  8743 | D:9      | Reached skill level 4 in Shields
  8743 | D:9      | Reached skill level 1 in Invocations
  8750 | D:9      | Noticed a deep elf pyromancer
  8758 | D:9      | Killed a deep elf pyromancer
  8759 | D:9      | Reached skill level 2 in Invocations
  8759 | D:9      | Reached XP level 11. HP: 101/104 MP: 11/11
  8762 | D:9      | Noticed a boulder beetle
  8768 | D:9      | Reached skill level 5 in Shields
  9015 | D:9      | Noticed a white ugly thing
  9027 | D:9      | Killed a white ugly thing
  9028 | D:9      | Reached skill level 3 in Invocations
  9218 | D:9      | Found a runed translucent door.
  9220 | D:9      | Noticed Raspi's ghost (novice FoFi)
  9281 | D:8      | Killed a boulder beetle
  9396 | D:9      | Found a shadowy altar of Dithmenos.
  9402 | D:9      | Noticed Harold
  9414 | D:9      | Killed Harold
  9415 | D:9      | Reached skill level 6 in Shields
  9415 | D:9      | Reached skill level 4 in Invocations
  9428 | D:9      | Found a hazy altar of Hepliaklqana.
  9620 | D:10     | Entered Level 10 of the Dungeon
  9842 | D:10     | Found a flagged portal.
  9875 | Bailey   | Entered a bailey
  9911 | Bailey   | Reached skill level 7 in Shields
 10037 | Bailey   | Identified the ring "Zumap" {rElec Will- MP+9 Str+6 Stlth+}
 10112 | Bailey   | Reached skill level 5 in Invocations
 10245 | Bailey   | Found a burning altar of Makhleb.
 10252 | Bailey   | Identified the +1 chain mail of Entitlement {Rampage +Inv
                  | rN+ Dex-5}
 10339 | D:10     | Found Ziuffuicw's Jewellery Shop.
 10360 | D:10     | Noticed a two-headed ogre
 10366 | D:10     | Killed a two-headed ogre
 10367 | D:10     | Reached skill level 8 in Shields
 10455 | D:10     | Reached skill level 9 in Shields
 10622 | D:10     | Noticed a two-headed ogre
 10633 | D:10     | Killed a two-headed ogre
 10634 | D:10     | Reached skill level 10 in Shields
 10833 | D:10     | Noticed an entropy weaver
 10840 | D:10     | an entropy weaver changed into a black mamba
 10845 | D:10     | Reached skill level 11 in Shields
 11000 | D:10     | Reached **** piety under the Shining One
 11021 | D:10     | Reached XP level 12. HP: 108/112 MP: 14/14
 11048 | D:10     | Noticed Amaemon
 11075 | D:10     | Killed Amaemon
 11076 | D:10     | Reached skill level 12 in Shields
 11150 | D:10     | Noticed a centaur warrior
 11150 | D:10     | Noticed a boulder beetle
 11200 | D:10     | Killed a centaur warrior
 11227 | D:10     | Killed a boulder beetle
 11512 | D:10     | Found a radiant altar of Vehumet.
 11562 | D:10     | Found an ancient bone altar of Kikubaaqudgha.
 11563 | D:10     | Found a shimmering blue altar of Sif Muna.
 11568 | D:10     | Got Sif Muna's Notes on Mustering
 11635 | D:10     | Found a staircase to the Lair.
 11637 | D:10     | Noticed a two-headed ogre
 11643 | D:10     | Killed a two-headed ogre
 12135 | D:9      | Killed Raspi's ghost
 12139 | D:9      | Identified the amulet of Erecsuiv {Reflect Will++ Str+3
                  | SH+5 Stlth+}
 12377 | D:10     | Found a hide-covered altar of Uskayaw.
 12623 | D:10     | Noticed a rakshasa
 12631 | D:10     | Killed a rakshasa
 12632 | D:10     | Reached skill level 13 in Fighting
 12632 | D:10     | Reached skill level 13 in Armour
 12632 | D:10     | Reached skill level 13 in Shields
 13664 | D:11     | Found Luwuz's Mail-Order Catalogue.
 14054 | D:12     | Noticed a two-headed ogre
 14066 | D:12     | Killed a two-headed ogre
 14169 | D:12     | Reached XP level 13. HP: 94/123 MP: 15/15
 14243 | D:12     | Noticed Snorg
 14280 | D:12     | Killed Snorg
 14681 | D:13     | Noticed Azrael
 14686 | D:13     | Noticed Sonja
 14911 | D:13     | Your ally Sonja died
 14913 | D:13     | HP: 8/123 [Azrael/damnation (30)]
 14916 | D:13     | Killed Azrael
 14917 | D:13     | Reached skill level 14 in Fighting
 14917 | D:13     | Reached skill level 14 in Armour
 14917 | D:13     | Reached skill level 14 in Shields
 15248 | D:13     | Found a frozen archway.
 15259 | IceCv    | Entered an ice cave
 15907 | IceCv    | Reached skill level 15 in Fighting
 15909 | IceCv    | Reached skill level 15 in Shields
 15998 | IceCv    | Reached skill level 15 in Armour
 15998 | IceCv    | Reached skill level 1 in Dodging
 16003 | IceCv    | Reached skill level 2 in Dodging
 16025 | IceCv    | Reached skill level 3 in Dodging
 16122 | IceCv    | Noticed a frost giant
 16140 | IceCv    | Killed a frost giant
 16141 | IceCv    | Reached skill level 4 in Dodging
 16154 | IceCv    | Reached skill level 5 in Dodging
 16632 | D:13     | Reached skill level 6 in Dodging
 16722 | D:13     | Found Ruhitenleil's Antique Armour Shop.
 16746 | D:13     | Bought a pair of heavily runed gloves for 190 gold pieces
 16746 | D:13     | Identified the +2 pair of gloves of Silireet {rPois rC-
                  | Regen+} (You bought it in a shop on level 13 of the
                  | Dungeon)
 16846 | D:13     | Reached XP level 14. HP: 135/135 MP: 16/16
 17144 | D:14     | Reached skill level 7 in Dodging
 17311 | D:14     | Reached ***** piety under the Shining One
 17431 | D:13     | Reached skill level 8 in Dodging
 17518 | D:14     | Reached skill level 9 in Dodging
 17565 | D:14     | Identified the maw talisman "Varchu Qasch" {rPois Int+4
                  | Dex+2}
 17573 | D:14     | Identified a scroll of acquirement
 17574 | D:14     | Acquired the +11 chain mail "Uleriuv" {rC++}
 17871 | D:14     | Reached skill level 10 in Dodging
 17906 | D:14     | Reached skill level 6 in Invocations
 18043 | D:14     | Reached skill level 7 in Invocations
 18232 | D:14     | Found a gate to the Vaults.
 18403 | D:15     | Entered Level 15 of the Dungeon
 18429 | D:15     | Found a bloodstained altar of Trog.
 18448 | D:15     | Reached skill level 8 in Invocations
 18758 | D:15     | Reached skill level 9 in Invocations
 18850 | D:15     | Reached ****** piety under the Shining One
 18890 | D:15     | Reached skill level 10 in Invocations
 18920 | D:15     | Found a staircase to the Depths.
 18970 | D:15     | Found a gateway to a bazaar.
 18998 | Bazaar   | Entered a bazaar
 18999 | Bazaar   | Found Koakodgh's Magic Scroll Boutique.
 19022 | Bazaar   | Found Xuamik's Antique Armour Boutique.
 19032 | Bazaar   | Found Abecib's Book Emporium.
 19037 | Bazaar   | Found Ymnuid's Assorted Antiques.
 19045 | Bazaar   | Found Lodghuroc's Magic Scroll Boutique.
 19053 | Bazaar   | Bought a scroll of acquirement for 728 gold pieces
 19055 | Bazaar   | Acquired 908 gold pieces
 19065 | Bazaar   | Bought a brightly glowing morningstar for 297 gold pieces
 19065 | Bazaar   | Identified the +8 morningstar of Arbitration {protect,
                  | *Noise rElec rPois SInv} (You bought it in a shop in a
                  | bazaar)
 19075 | Bazaar   | Bought a scroll of blinking for 105 gold pieces
 19075 | Bazaar   | Bought a scroll of enchant armour for 105 gold pieces
 19111 | Bazaar   | Bought a scroll of enchant armour for 67 gold pieces
 19111 | Bazaar   | Bought a scroll of identify for 18 gold pieces
 19111 | Bazaar   | Bought a scroll of identify for 18 gold pieces
 19112 | Bazaar   | Identified 5 potions of resistance
 19150 | Bazaar   | Bought a scroll of identify for 28 gold pieces
 19187 | Bazaar   | Bought a scroll of poison for 36 gold pieces
 19215 | Bazaar   | Bought a potion of mutation for 264 gold pieces
 19244 | Bazaar   | Bought a scroll of teleportation for 27 gold pieces
 19244 | Bazaar   | Bought a scroll of teleportation for 27 gold pieces
 19244 | Bazaar   | Bought a scroll of teleportation for 27 gold pieces
 19244 | Bazaar   | Bought a scroll of teleportation for 27 gold pieces
 19689 | Depths:1 | Entered Level 1 of the Depths
 19689 | Depths:1 | Noticed a vampire knight
 19689 | Depths:1 | Found a portal to a secret trove of treasure.
 19721 | Depths:1 | Killed a vampire knight
 19722 | Depths:1 | Reached XP level 15. HP: 81/141 MP: 22/22
 19786 | Depths:1 | Reached skill level 11 in Invocations
 19886 | Depths:1 | Found a gateway to Hell.
 19893 | Depths:1 | Noticed a lich
 19915 | Depths:1 | Noticed a frost giant
 19917 | Depths:1 | Killed a lich
 19923 | Depths:1 | Killed a frost giant
 19948 | Depths:1 | HP: 13/141 [fire dragon (11)]
 19952 | Depths:1 | Killed from afar by a fire dragon

Vanquished Creatures
  A lich (Depths:1)
  Gastronok (D:9)
  2 frost giants
  A vampire knight (Depths:1)
  3 stone giants (Depths:1)
  Azrael (D:13)
  Snorg (D:12)
  A vault guard (D:13)
  A fire dragon (Depths:1)
  3 rakshasas
  Harold (D:9)
  Erolcha (D:9)
  A hydra (D:13)
  Erica (D:9)
  5 boulder beetles
  9 centaur warriors
  6 death yaks (IceCv)
  The ghost of Raspi the Cleaver, a novice FoFi of Uskayaw (D:9)
  5 two-headed ogres
  A tengu warrior (Depths:1)
  An occultist (D:15)
  Amaemon (D:10)
  A necromancer (D:15)
  2 orc knights (D:15)
  7 deep elf pyromancers
  2 orc sorcerers (D:15)
  4 manticores
  2 phantasmal warriors (Depths:1)
  21 ugly things
  6 cyclopes
  A black mamba (shapeshifter) (D:10)
  A meliai (shapeshifter) (D:15)
  2 centaur zombies (D:15)
  A meliai (D:14)
  An ice statue (IceCv)
  2 centaur skeletons (D:15)
  2 gargoyles
  An orange demon (D:10)
  2 unseen horrors
  A komodo dragon (D:11)
  9 rime drakes
  An unseen horror (shapeshifter) (D:14)
  A yaktaur (shapeshifter) (D:9)
  4 efreet
  3 freezing wraiths
  2 yaktaurs
  Psyche (D:8)
  A hornet (D:10)
  5 trolls
  5 polar bears (IceCv)
  A glass eye (D:14)
  16 slime creatures
  4 wraiths
  Sigmund (D:5)
  A vampire (D:11)
  A shadow (D:10)
  24 yaks
  2 fire elementals (D:12)
  4 basilisks
  4 water elementals
  A warg (shapeshifter) (D:13)
  5 vampire mosquitoes
  A warg (D:15)
  5 steam dragons
  Edmund (D:5)
  2 acid dragons
  2 hell hounds
  A water moccasin (D:9)
  16 orc warriors
  Pargi (Sewer)
  2 ice beasts (D:7)
  5 laughing skulls
  An ogre (D:6)
  4 centaurs (D:13)
  6 wolves (IceCv)
  12 kobold brigands
  A brain worm (Sewer)
  4 scorpions
  3 bullfrogs (D:7)
  3 gnoll sergeants
  13 wights
  35 killer bees
  A howler monkey (D:13)
  An electric eel (D:10)
  A jelly (D:6)
  A gnoll bouda (D:7)
  A hound (D:6)
  6 orc priests
  Crazy Yiuf (D:2)
  2 iguanas
  15 orc wizards
  14 gnolls
  8 adders
  A river rat (D:6)
  A shadow imp (D:5)
  A white imp (D:5)
  2 ufetubi (D:6)
  4 dart slugs
  2 ribbon worms (D:6)
  58 orcs
  7 ball pythons
  18 bats
  7 endoplasms
  6 giant cockroaches
  12 goblins
  5 hobgoblins
  4 jackals (D:2)
  28 kobolds
  7 quokkas
  4 frilled lizards
  9 rats
548 creatures vanquished.

Vanquished Creatures (others)
  Sonja (D:13)
  A centaur simulacrum (D:10)
2 creatures vanquished.

Grand Total: 550 creatures vanquished
